[Event "Titled Tuesday Blitz September 20 Late 2022"]
[White "Andreikin, Dmitry"]
[Black "Khandelwal, Ankush"]
[WhiteFideId "4158814"]
[BlackFideId "413470"]
[WhiteElo "2736"]
[BlackElo "2271"]
[Result "1-0"]
[Round "01"]
[TimeControl "180+1"]
[Date "2022.09.20"]
[WhiteClock "0:02:11"]
[BlackClock "0:00:24"]

1. c4 Nf6 2. Nc3 g6 3. e4 d6 4. d4 Bg7 5. h3 Nbd7 6. Be3 e5 7. d5 Nc5 8. f3 a5 9. Nge2 b6 10. Qd2 O-O 11. g4 a4 12. Ng3 Nfd7 13. h4 Bb7 14. h5 c6 15. O-O-O cxd5 16. Nxd5 Nb3+ 17. axb3 axb3 18. Qb4 Ra1+ 19. Kd2 Rxd1+ 20. Kxd1 Bxd5 21. cxd5 Qa8 22. Qxb3 Qa1+ 23. Kd2 f5 24. gxf5 gxf5 25. Nxf5 Rxf5 26. exf5 e4 27. Rg1 Kf8 28. Qa3 Qxb2+ 29. Qxb2 Bxb2 30. fxe4 Nf6 31. Bd3 1-0


[Site "https://www.chess.com"]

[Event "Titled Tuesday Blitz September 20 Late 2022"]
[White "Arnold, Ken"]
[Black "Moroni, Luca Jr"]
[WhiteFideId "2056836"]
[BlackFideId "865834"]
[WhiteElo "2488"]
[BlackElo "2573"]
[Result "0-1"]
[Round "01"]
[TimeControl "180+1"]
[Date "2022.09.20"]
[WhiteClock "0:00:05"]
[BlackClock "0:01:05"]

1. d4 g6 2. c4 Bg7 3. Nc3 d6 4. Nf3 Nc6 5. Bf4 Bg4 6. e3 e5 7. dxe5 dxe5 8. Bg3 Nge7 9. Qb3 O-O 10. Rd1 Qc8 11. Be2 f5 12. h3 Bxf3 13. Bxf3 f4 14. Bh2 Kh8 15. exf4 exf4 16. O-O Nf5 17. Bxc6 bxc6 18. Bxf4 Nd4 19. Rxd4 Bxd4 20. Bh6 Re8 21. Ne2 Bf6 22. Ng3 Qe6 23. Be3 Rab8 24. Qc2 Rxb2 25. Qa4 Be5 26. Ne4 Bg7 27. Ng5 Qf6 28. Qxa7 h6 29. Nf3 Qf7 30. Bd4 Rc2 31. Bxg7+ Qxg7 32. Qc5 Kh7 33. Qxc6 Rf8 34. a4 Ra2 35. Rd1 Rf6 36. Qb5 Rf5 37. Rd7 Rxb5 38. Rxg7+ Kxg7 39. axb5 Rc2 40. Ne5 Kf6 41. f4 Kf5 42. Ng4 Kxf4 43. Nxh6 Kg3 44. Kf1 Rxc4 0-1


[Site "https://www.chess.com"]

[Event "Titled Tuesday Blitz September 20 Late 2022"]
[White "Baches Garcia, Guillermo"]
[Black "Kravtsiv, Martyn"]
[WhiteFideId "2209764"]
[BlackFideId "14113147"]
[WhiteElo "2476"]
[BlackElo "2694"]
[Result "0-1"]
[Round "01"]
[TimeControl "180+1"]
[Date "2022.09.20"]
[WhiteClock "0:01:47"]
[BlackClock "0:01:29"]

1. e4 e5 2. Nf3 Nc6 3. Bc4 Nf6 4. Ng5 d5 5. exd5 Na5 6. Bb5+ c6 7. dxc6 bxc6 8. Qf3 Be7 9. Bd3 h6 10. Ne4 Nd5 11. Ng3 O-O 12. Nc3 Nf4 13. Bf5 Bb7 14. O-O g6 15. Be4 f5 16. Bd3 Bg5 17. b4 c5 18. Qd1 cxb4 19. Nce2 Nxg2 20. Bb2 Nh4 21. f4 exf4 22. Nxf4 Qb6+ 0-1


[Site "https://www.chess.com"]

[Event "Titled Tuesday Blitz September 20 Late 2022"]
[White "Bluebaum, Matthias"]
[Black "Shandrygin, Nikita"]
[WhiteFideId "24651516"]
[BlackFideId "24198668"]
[WhiteElo "2633"]
[BlackElo "2323"]
[Result "1-0"]
[Round "01"]
[TimeControl "180+1"]
[Date "2022.09.20"]
[WhiteClock "0:00:59"]
[BlackClock "0:00:02"]

1. d4 d5 2. c4 Nc6 3. Nc3 dxc4 4. Nf3 Nf6 5. e4 Bg4 6. Be3 e6 7. Bxc4 a6 8. O-O Be7 9. Be2 O-O 10. h3 Bh5 11. Qd2 Bg6 12. Bd3 Nb4 13. Bb1 c5 14. dxc5 Qxd2 15. Nxd2 Rfd8 16. Nc4 Rac8 17. a3 Nd3 18. Bxd3 Rxd3 19. Ne5 Rdd8 20. Nxg6 hxg6 21. b4 b6 22. Na4 bxc5 23. Bxc5 Bxc5 24. Nxc5 a5 25. Rfd1 Rxd1+ 26. Rxd1 axb4 27. axb4 e5 28. f3 Kf8 29. Rb1 Ke7 30. Nd3 Nd7 31. b5 f6 32. Nb4 Nb6 33. Nc6+ Ke6 34. Ra1 Rc7 35. Ra6 Nd7 36. Nb4+ Kf7 37. b6 Rc1+ 38. Kh2 Rb1 39. Nd5 g5 40. Ra7 Ke6 41. b7 Nc5 42. Nc7+ Kd6 43. Ne8+ Ke7 44. b8=Q+ 1-0


[Site "https://www.chess.com"]

[Event "Titled Tuesday Blitz September 20 Late 2022"]
[White "Bok, Benjamin"]
[Black "Moral Garcia, Serafin"]
[WhiteFideId "1017063"]
[BlackFideId "2201925"]
[WhiteElo "2658"]
[BlackElo "2259"]
[Result "1-0"]
[Round "01"]
[TimeControl "180+1"]
[Date "2022.09.20"]
[WhiteClock "0:00:57"]
[BlackClock "0:00:40"]

1. d4 Nf6 2. c4 g6 3. g3 Bg7 4. Bg2 d5 5. Nf3 O-O 6. O-O dxc4 7. Na3 c3 8. bxc3 c5 9. Bb2 Nc6 10. Re1 Ne4 11. Qc2 Nd6 12. dxc5 Ne8 13. Nd4 Bd7 14. Red1 Qc8 15. Rab1 Nf6 16. Ba1 Rd8 17. Nc4 Rb8 18. Qb3 Be8 19. h3 Nd5 20. Bxd5 Rxd5 21. Nd6 Rxd6 22. cxd6 Nxd4 23. cxd4 Qxh3 24. dxe7 h5 25. d5 Bxa1 26. Rxa1 h4 27. gxh4 Qg4+ 28. Qg3 Qxe2 29. Qxb8 1-0


[Site "https://www.chess.com"]

[Event "Titled Tuesday Blitz September 20 Late 2022"]
[White "Bortnyk, Mykola"]
[Black "Jeet, Jain"]
[WhiteFideId "14120836"]
[BlackFideId "5073022"]
[WhiteElo "2582"]
[BlackElo "2055"]
[Result "1-0"]
[Round "01"]
[TimeControl "180+1"]
[Date "2022.09.20"]
[WhiteClock "0:00:12"]
[BlackClock "0:00:03"]

1. e4 c5 2. c3 g6 3. d4 cxd4 4. cxd4 d5 5. e5 Bg7 6. Nf3 Bg4 7. Bb5+ Nc6 8. Bxc6+ bxc6 9. Nbd2 e6 10. h3 Bxf3 11. Nxf3 Ne7 12. O-O O-O 13. Qa4 f6 14. exf6 Bxf6 15. Re1 Qd6 16. b3 Rfe8 17. Ba3 Qd7 18. Rac1 Rac8 19. Bxe7 Rxe7 20. Ne5 Bxe5 21. Rxe5 Qd6 22. Qa6 Rcc7 23. a3 Rf7 24. Rce1 Rfe7 25. b4 Qd7 26. a4 Kf7 27. R1e3 Qc8 28. Qe2 Rb7 29. b5 cxb5 30. axb5 Qd7 31. h4 Rxb5 32. h5 Rb1+ 33. Kh2 Rb6 34. Rg3 Ke8 35. hxg6 hxg6 36. Rxg6 Kd8 37. Qc2 Rh7+ 38. Kg3 Rg7 39. Reg5 Rxg6 40. Qxg6 Qc7+ 41. Kg4 Kd7 42. Qf6 Qd6 43. Qf7+ Kc6 44. Qxa7 Qb4 45. Qa8+ Kb5 46. Qe8+ Kc4 47. Kh4 Qd2 48. Qc8+ Kxd4 49. Rg4+ Kd3 50. Rg3+ Ke2 51. Qf8 Qd4+ 52. f4 Rb4 53. Kg5 e5 54. Rg4 exf4 55. Qe7+ Kf2 56. g3 Qe3 57. Qxb4 fxg3+ 58. Kg6 g2 59. Qb2+ Qe2 60. Rxg2+ 1-0


[Site "https://www.chess.com"]

[Event "Titled Tuesday Blitz September 20 Late 2022"]
[White "Bortnyk, Olexandr"]
[Black "Runets, Ivan"]
[WhiteFideId "14120828"]
[BlackFideId "13511564"]
[WhiteElo "2723"]
[BlackElo "1962"]
[Result "1-0"]
[Round "01"]
[TimeControl "180+1"]
[Date "2022.09.20"]
[WhiteClock "0:02:35"]
[BlackClock "0:00:21"]

1. d4 Nf6 2. Nc3 d5 3. Bf4 e6 4. Nb5 Bd6 5. Nxd6+ cxd6 6. Nf3 Nc6 7. e3 h6 8. h3 O-O 9. c3 Qe7 10. Be2 e5 11. Bh2 Bf5 12. O-O Rac8 13. Qb3 Rfd8 14. Qa3 Rc7 15. Rfd1 b6 16. Rac1 Nd7 17. dxe5 dxe5 18. Qxe7 Nxe7 19. Nxe5 Nxe5 20. Bxe5 Rcc8 21. Bg3 f6 22. Rd2 Kf7 23. Rcd1 Rc5 24. c4 Be6 25. b4 Rcc8 26. e4 d4 27. Rxd4 Rxd4 28. Rxd4 Nc6 29. Rd6 Nxb4 30. Rxe6 Rd8 31. Rd6 1-0


[Site "https://www.chess.com"]

[Event "Titled Tuesday Blitz September 20 Late 2022"]
[White "Donchenko, Alexander"]
[Black "Makaraci, Tunahan"]
[WhiteFideId "24603295"]
[BlackFideId "6356559"]
[WhiteElo "2572"]
[BlackElo "2003"]
[Result "1-0"]
[Round "01"]
[TimeControl "180+1"]
[Date "2022.09.20"]
[WhiteClock "0:01:59"]
[BlackClock "0:00:37"]

1. d4 d5 2. c4 e6 3. Nf3 c5 4. g3 Nf6 5. cxd5 exd5 6. Bg2 Nc6 7. O-O Be7 8. dxc5 Bxc5 9. a3 Ne4 10. b4 Be7 11. Bb2 Bf6 12. Qc1 O-O 13. Nbd2 Bf5 14. Rd1 Qe7 15. Nxe4 dxe4 16. Nd4 Nxd4 17. Bxd4 Rfd8 18. Bxf6 Qxf6 19. Qf4 g5 20. Qe3 Qe7 21. Rxd8+ Rxd8 22. Qxa7 Qe5 23. Rc1 Qb2 24. Qe3 h6 25. h4 Rd2 26. Re1 Qd4 27. Qxd4 Rxd4 28. hxg5 hxg5 29. Rc1 Rd2 30. Rc5 Be6 31. Rxg5+ Kf8 32. Bxe4 b6 33. e3 Ra2 34. Rb5 Rxa3 35. Rxb6 Ke7 36. Rb7+ Kf6 37. Kg2 Rb3 38. b5 Rb4 39. Bf3 Bc4 40. b6 Rb5 41. Rb8 1-0


[Site "https://www.chess.com"]

[Event "Titled Tuesday Blitz September 20 Late 2022"]
[White "Espinosa, Pedro"]
[Black "Caruana, Fabiano"]
[WhiteFideId "30921066"]
[BlackFideId "2020009"]
[WhiteElo "1696"]
[BlackElo "2847"]
[Result "1/2-1/2"]
[Round "01"]
[TimeControl "180+1"]
[Date "2022.09.20"]
[WhiteClock "0:00:05"]
[BlackClock "0:00:33"]

1. d4 d5 2. c4 e6 3. Nf3 Nf6 4. Nc3 Nbd7 5. Bf4 dxc4 6. e3 Nd5 7. Bxc4 Nxf4 8. exf4 Be7 9. O-O O-O 10. Qe2 Nb6 11. Bd3 Nd5 12. Qe4 g6 13. Ne5 Bf6 14. Nxd5 exd5 15. Qf3 c6 16. Rfe1 Bg7 17. f5 Qh4 18. Rad1 a5 19. g3 Qf6 20. fxg6 fxg6 21. Qxf6 Bxf6 22. f4 Bh3 23. Bf1 Bf5 24. Bd3 Bh3 25. Bf1 Bxf1 26. Kxf1 Rfe8 27. Kg2 Kg7 28. Kf3 a4 29. Re3 Ra6 30. Rd2 Rb6 31. Ra3 Rb4 32. Rad3 Bd8 33. b3 axb3 34. Rxb3 Rxb3+ 35. axb3 Ba5 36. Ra2 Bb6 37. Ke3 g5 38. Kd3 gxf4 39. gxf4 Re6 40. Rg2+ Kf6 41. Nd7+ Kf5 42. Nxb6 Kxf4 43. Rf2+ Kg4 44. Nd7 Kh3 45. Ne5 h6 46. Kc3 c5 47. Nd3 cxd4+ 48. Kxd4 Rc6 49. Kxd5 Rc3 50. Nf4+ Kg4 51. b4 b5 52. Ne6 Rc4 53. Rg2+ Kh3 54. Rg6 Kxh2 55. Rxh6+ Kg3 56. Rg6+ Kh4 57. Nd4 Rxb4 58. Rb6 Kg4 59. Rxb5 Rxb5+ 60. Nxb5 1/2-1/2


[Site "https://www.chess.com"]

[Event "Titled Tuesday Blitz September 20 Late 2022"]
[White "Fiorito, Joaquin"]
[Black "Zierk, Steven"]
[WhiteFideId "180173"]
[BlackFideId "2034255"]
[WhiteElo "1758"]
[BlackElo "2494"]
[Result "0-1"]
[Round "01"]
[TimeControl "180+1"]
[Date "2022.09.20"]
[WhiteClock "0:00:06"]
[BlackClock "0:00:08"]

1. d4 Nf6 2. Nc3 d5 3. Bf4 c5 4. e4 Nxe4 5. Bb5+ Bd7 6. Nxd5 e5 7. Bxd7+ Qxd7 8. dxe5 Na6 9. Qd3 O-O-O 10. Qxe4 Qxd5 11. Qxd5 Rxd5 12. c3 g5 13. Bxg5 Rxe5+ 14. Be3 Bh6 15. Nf3 Re6 16. O-O Bxe3 17. fxe3 Rxe3 18. Rae1 Rxe1 19. Rxe1 Rf8 20. Re7 h6 21. Kf2 Nc7 22. Re5 Ne6 23. Rf5 Kd7 24. Ne5+ Ke7 25. h3 Ng5 26. Ng4 Rd8 27. Re5+ Kd6 28. Re2 h5 29. Nf6 Rh8 30. Ne4+ Nxe4+ 31. Rxe4 Rh6 32. Rf4 Ke6 33. Kf3 Rg6 34. g3 Rg5 35. Re4+ Kd6 36. Kf4 Rd5 37. Re2 Rd3 38. Re8 Kd7 39. Re5 Rd2 40. Rxc5 Rxb2 41. Rxh5 Rxa2 42. Rd5+ Ke6 43. Rd8 Ra4+ 44. Kf3 Rc4 45. Re8+ Kf6 46. Re3 a5 47. Ke2 Rc5 48. Kd3 b5 49. Rf3+ Kg6 50. Rf4 Rh5 51. h4 Re5 52. Rg4+ Kh5 53. Rf4 f5 54. Rd4 a4 55. Kd2 Re4 56. Rd5 Kg4 57. Rxb5 Re6 58. Kc2 Re2+ 59. Kd3 Rg2 60. Rb4+ Kxg3 61. Rxa4 f4 62. h5 f3 63. Ra8 Rh2 64. Rg8+ Kf2 65. Ke4 Ke2 66. Rf8 f2 67. c4 Rxh5 68. Kd4 Rh4+ 69. Kd5 Rh3 70. c5 Rf3 71. Rxf3 Kxf3 72. c6 f1=Q 73. c7 Qa6 0-1


[Site "https://www.chess.com"]

[Event "Titled Tuesday Blitz September 20 Late 2022"]
[White "Forgacs, Attila Jr."]
[Black "Abdrlauf, Elham"]
[WhiteFideId "773654"]
[BlackFideId "1533533"]
[WhiteElo "2062"]
[BlackElo "2409"]
[Result "0-1"]
[Round "01"]
[TimeControl "180+1"]
[Date "2022.09.20"]
[WhiteClock "0:00:20"]
[BlackClock "0:00:05"]

1. e4 g6 2. d4 Bg7 3. Nc3 e6 4. f4 Ne7 5. Nf3 d5 6. e5 c5 7. dxc5 O-O 8. h4 Nf5 9. Rh3 Nd7 10. g4 Ne7 11. Be3 f6 12. exf6 Nxf6 13. Ne5 Nc6 14. h5 Nxe5 15. fxe5 Nd7 16. hxg6 hxg6 17. Qd2 Nxe5 18. Bh6 Nf3+ 19. Rxf3 Rxf3 20. O-O-O Qf6 21. Bxg7 Kxg7 22. Be2 Rf2 23. Kb1 Qf4 24. Qd3 Bd7 25. Rh1 Bc6 26. Qh3 Rg8 27. Qh7+ Kf8 28. Qc7 Qxc7 0-1


[Site "https://www.chess.com"]

[Event "Titled Tuesday Blitz September 20 Late 2022"]
[White "Fries-Nielsen, Jens Ove"]
[Black "Naroditsky, Daniel"]
[WhiteFideId "1400142"]
[BlackFideId "2026961"]
[WhiteElo "2544"]
[BlackElo "2628"]
[Result "0-1"]
[Round "01"]
[TimeControl "180+1"]
[Date "2022.09.20"]
[WhiteClock "0:01:44"]
[BlackClock "0:02:26"]

1. d4 Nf6 2. Nc3 d5 3. Bf4 c5 4. e3 cxd4 5. exd4 Bg4 6. Be2 Bxe2 7. Qxe2 Nc6 8. Nf3 e6 9. a3 Bd6 10. Bxd6 Qxd6 11. O-O O-O 12. Rfe1 a6 13. Rad1 Rac8 14. Rd3 b5 15. Ne5 Nd7 16. Nxc6 Rxc6 17. Rh3 Nf6 18. Qd2 Rfc8 19. Re2 b4 20. axb4 Qxb4 21. Rg3 Qxb2 22. Qg5 Qa1+ 0-1


[Site "https://www.chess.com"]

[Event "Titled Tuesday Blitz September 20 Late 2022"]
[White "Hirneise, Jens"]
[Black "Safarli, Eltaj"]
[WhiteFideId "24614734"]
[BlackFideId "13402129"]
[WhiteElo "2344"]
[BlackElo "2634"]
[Result "0-1"]
[Round "01"]
[TimeControl "180+1"]
[Date "2022.09.20"]
[WhiteClock "0:00:15"]
[BlackClock "0:02:09"]

1. e4 c5 2. Nf3 Nc6 3. Bc4 e6 4. O-O Nf6 5. Nc3 d5 6. exd5 exd5 7. Re1+ Be7 8. Bb5 O-O 9. d4 Bg4 10. Bxc6 bxc6 11. Be3 Rb8 12. b3 cxd4 13. Bxd4 c5 14. Be5 Rb7 15. Na4 Ne4 16. c4 Rd7 17. cxd5 Rxd5 18. Qc2 Bxf3 19. gxf3 Ng5 20. Kg2 Qd7 21. Bg3 Qh3+ 22. Kh1 Nxf3 23. Re3 Rd2 24. Qxd2 Nxd2 25. Rxe7 h5 26. Re2 Nf3 27. Re3 Qf5 28. Kg2 h4 29. Rxf3 h3+ 0-1


[Site "https://www.chess.com"]

[Event "Titled Tuesday Blitz September 20 Late 2022"]
[White "Jobava, Baadur"]
[Black "Reprintsev, Alexander"]
[WhiteFideId "13601520"]
[BlackFideId "14100541"]
[WhiteElo "2582"]
[BlackElo "2108"]
[Result "1-0"]
[Round "01"]
[TimeControl "180+1"]
[Date "2022.09.20"]
[WhiteClock "0:00:31"]
[BlackClock "0:00:15"]

1. b3 d5 2. Bb2 Nf6 3. d3 Bf5 4. Nd2 Nbd7 5. g3 e6 6. Bg2 Be7 7. e4 dxe4 8. dxe4 Bg6 9. Ne2 Nc5 10. e5 Nfe4 11. Nxe4 Bxe4 12. O-O Qxd1 13. Rfxd1 Bxc2 14. Rdc1 Be4 15. Bxe4 Nxe4 16. Rxc7 Bc5 17. Bd4 Bxd4 18. Nxd4 O-O 19. Re1 Ng5 20. Kg2 Rfd8 21. Rc4 h6 22. f4 Nh7 23. Kf3 Nf8 24. Ke4 Rd7 25. Rec1 Rad8 26. a4 f6 27. exf6 gxf6 28. R1c3 a6 29. Ke3 Kf7 30. Rc7 Rxc7 31. Rxc7+ Rd7 32. Rc8 Ke7 33. a5 Rd8 34. Rc7+ Rd7 35. Rc5 f5 36. b4 Ng6 37. b5 axb5 38. Rxb5 Nf8 39. Nb3 Kd6 40. Nc5 Rc7 41. Nxb7+ Kc6 42. Rb6+ Kd5 43. a6 Nd7 44. Rd6+ Kc4 45. a7 Rxb7 46. a8=Q Rb3+ 47. Ke2 Nc5 48. Qa2 Kc3 49. Qd2+ Kc4 50. Qd4+ Kb5 51. Rd8 1-0


[Site "https://www.chess.com"]

[Event "Titled Tuesday Blitz September 20 Late 2022"]
[White "Khlebovich, Alexander"]
[Black "Ozates, Tuna"]
[WhiteFideId "4169123"]
[BlackFideId "6354521"]
[WhiteElo "2355"]
[BlackElo "1887"]
[Result "1-0"]
[Round "01"]
[TimeControl "180+1"]
[Date "2022.09.20"]
[WhiteClock "0:01:40"]
[BlackClock "0:00:22"]

1. d4 d5 2. c4 c6 3. Nf3 Nf6 4. e3 Bf5 5. Bd3 Bxd3 6. Qxd3 e6 7. O-O Be7 8. Nbd2 O-O 9. e4 dxe4 10. Nxe4 Nxe4 11. Qxe4 Nd7 12. Bf4 Nf6 13. Qe2 Qa5 14. Rfd1 Rfd8 15. Rd3 Qf5 16. Be5 c5 17. Rad1 cxd4 18. Nxd4 Qg4 19. Qxg4 Nxg4 20. Bg3 Bf6 21. b3 Ne5 22. R3d2 h5 23. Nb5 Rxd2 24. Rxd2 a6 25. Nd6 Rd8 26. Bf4 g5 27. Ne4 Rxd2 28. Bxd2 Bg7 29. Bxg5 Nc6 30. Nc5 b5 31. Nxa6 bxc4 32. bxc4 Kf8 33. Be3 Ke8 34. Nc7+ Kd7 35. Nb5 Ne5 36. Bd4 Kc6 37. Kf1 Nxc4 38. Na7+ Kb7 39. Bxg7 Kxa7 40. Ke2 Kb6 41. Kf3 Kc5 42. Kf4 Kd5 43. Kg5 e5 44. Kxh5 f5 45. Kg5 f4 46. h4 Nd2 47. f3 1-0


[Site "https://www.chess.com"]

[Event "Titled Tuesday Blitz September 20 Late 2022"]
[White "Leenhouts, Koen"]
[Black "Paravyan, David"]
[WhiteFideId "1008439"]
[BlackFideId "4194985"]
[WhiteElo "2409"]
[BlackElo "2555"]
[Result "0-1"]
[Round "01"]
[TimeControl "180+1"]
[Date "2022.09.20"]
[WhiteClock "0:00:55"]
[BlackClock "0:01:32"]

1. d4 Nf6 2. c4 g6 3. Nc3 d5 4. cxd5 Nxd5 5. e4 Nxc3 6. bxc3 Bg7 7. Bc4 c5 8. Ne2 O-O 9. O-O Nc6 10. Be3 Bg4 11. d5 Ne5 12. Bb3 c4 13. Bc2 Nf3+ 14. Kh1 e6 15. Nf4 Nxh2 16. f3 Nxf1 17. Qxf1 e5 18. fxg4 exf4 19. Qxf4 Qa5 20. e5 Qxc3 21. Rc1 Qxe5 0-1


[Site "https://www.chess.com"]

[Event "Titled Tuesday Blitz September 20 Late 2022"]
[White "Lenderman, Aleksandr"]
[Black "Gilmanov, Mansur"]
[WhiteFideId "2021285"]
[BlackFideId "4166868"]
[WhiteElo "2607"]
[BlackElo "2377"]
[Result "1-0"]
[Round "01"]
[TimeControl "180+1"]
[Date "2022.09.20"]
[WhiteClock "0:02:08"]
[BlackClock "0:00:03"]

1. e4 d5 2. exd5 Qxd5 3. Nf3 Nf6 4. d4 Bg4 5. Be2 Nc6 6. h3 Bxf3 7. Bxf3 Qe6+ 8. Be3 O-O-O 9. O-O Nxd4 10. Bxd4 c5 11. Re1 Qb6 12. Nd2 Rxd4 13. c3 Rd8 14. Nc4 Qc7 15. Qa4 Kb8 16. Na5 Nd5 17. c4 Nb6 18. Qb3 Qf4 19. Nxb7 Rd4 20. Nxc5 Rxc4 21. Nd7+ Kc7 22. Nxb6 axb6 23. g3 Qd4 24. Re4 Qc5 25. Rxc4 1-0


[Site "https://www.chess.com"]

[Event "Titled Tuesday Blitz September 20 Late 2022"]
[White "Maksimovic, Bojan"]
[Black "Goncalves, Davi Sulzbacher"]
[WhiteFideId "14408120"]
[BlackFideId "2154510"]
[WhiteElo "2447"]
[BlackElo "2107"]
[Result "1-0"]
[Round "01"]
[TimeControl "180+1"]
[Date "2022.09.20"]
[WhiteClock "0:01:07"]
[BlackClock "0:00:04"]

1. e4 c5 2. Nf3 Nc6 3. Bb5 g6 4. O-O Bg7 5. c3 Nf6 6. Re1 O-O 7. d4 d5 8. e5 Ne4 9. Bxc6 bxc6 10. Be3 Rb8 11. Qc1 cxd4 12. cxd4 Bf5 13. Nc3 Qb6 14. b3 Qa6 15. Na4 f6 16. exf6 Bxf6 17. Nd2 Nxd2 18. Qxd2 Qd3 19. Qxd3 Bxd3 20. Rac1 Bb5 21. Nc5 Rfd8 22. Bf4 Rbc8 23. Be5 Kf7 24. a4 Bxe5 25. Rxe5 Rb8 26. axb5 Rxb5 27. Rce1 Re8 28. h4 Rb4 29. Rd1 Reb8 30. g3 Rd8 31. Kg2 a5 32. Re2 Re8 33. Ra2 Rb5 34. Re1 Ra8 35. Ra4 Ra7 36. Kf3 Ra8 37. Kf4 Ra7 38. Kg5 Kg7 39. Ne6+ Kf7 40. Nd8+ Kg7 41. Nxc6 Rc7 42. Rxe7+ Rxe7 43. Nxe7 Rxb3 44. Rxa5 Rf3 45. Rxd5 Rxf2 46. Rd7 h6+ 47. Kg4 Kf6 48. Ng8+ Ke6 49. Re7+ Kd6 50. Rg7 h5+ 51. Kh3 Kd5 52. Rxg6 Kxd4 53. Nf6 Rf5 54. Rh6 Ke3 55. Nxh5 Kf2 56. Rf6 1-0


[Site "https://www.chess.com"]

[Event "Titled Tuesday Blitz September 20 Late 2022"]
[White "Melkumyan, Hrant"]
[Black "Noboa Silva, Kevin"]
[WhiteFideId "13302485"]
[BlackFideId "3618471"]
[WhiteElo "2604"]
[BlackElo "2172"]
[Result "1-0"]
[Round "01"]
[TimeControl "180+1"]
[Date "2022.09.20"]
[WhiteClock "0:00:44"]
[BlackClock "0:00:01"]

1. d4 Nf6 2. c4 e6 3. Nf3 Bb4+ 4. Bd2 a5 5. g3 b6 6. Bg2 Bb7 7. O-O O-O 8. Bf4 Re8 9. a3 Bf8 10. Qc2 Be4 11. Qd2 Bxb1 12. Raxb1 a4 13. Qc2 Ra7 14. e4 d6 15. Rfd1 Nfd7 16. e5 h6 17. d5 g5 18. dxe6 Rxe6 19. Bh3 gxf4 20. Bxe6 fxe6 21. Qg6+ Kh8 22. exd6 cxd6 23. Qxe6 Nc5 24. Qd5 fxg3 25. hxg3 Nbd7 26. Kg2 Nf6 27. Qf5 Bg7 28. Nh4 Qd7 29. Ng6+ Kg8 30. Qf3 Qb7 31. Rxd6 Qxf3+ 32. Kxf3 Nfe4 33. Rd8+ Kh7 34. Nf4 Bf6 35. Rd5 Rf7 36. Kg2 Bg5 37. Nh3 Bf6 38. f3 Ng5 39. Nf4 Re7 40. Rh1 Kg7 41. Nh5+ Kf7 42. Nxf6 Re2+ 43. Kf1 Rxb2 44. Rxh6 Nxf3 45. Ng4 Ne4 46. Rf5+ Kg7 47. Rxf3 Nd2+ 48. Kg2 Nxf3+ 49. Kxf3 Rb3+ 50. Kf4 Rxa3 51. Rxb6 Ra1 52. Ra6 a3 53. Ne3 a2 54. Nf5+ Kf7 55. Kg5 Ke8 56. g4 Kd8 57. c5 Kc7 58. Ra5 Kc6 59. Nd4+ Kd5 60. Nc2 Rg1 61. Rxa2 Kxc5 62. Ne3 Kd4 63. Rg2 1-0


[Site "https://www.chess.com"]

[Event "Titled Tuesday Blitz September 20 Late 2022"]
[White "Mendez Fortes, Eduardo Jesus"]
[Black "Harvey, Marcus R"]
[WhiteFideId "3502376"]
[BlackFideId "400092"]
[WhiteElo "2307"]
[BlackElo "2485"]
[Result "1-0"]
[Round "01"]
[TimeControl "180+1"]
[Date "2022.09.20"]
[WhiteClock "0:00:08"]
[BlackClock "0:00:01"]

1. e4 c6 2. d4 d5 3. Nc3 dxe4 4. Nxe4 Nf6 5. Nxf6+ exf6 6. c3 Bd6 7. Bd3 O-O 8. Ne2 Re8 9. Qc2 h5 10. O-O h4 11. h3 Nd7 12. c4 Nf8 13. Be3 Bd7 14. Rae1 Rc8 15. Nc3 Bb8 16. f4 b5 17. Qf2 f5 18. cxb5 cxb5 19. a3 a6 20. d5 Bd6 21. Bd4 Ng6 22. Rxe8+ Qxe8 23. Qd2 Qf8 24. b4 Qd8 25. Ne2 a5 26. Rb1 axb4 27. axb4 Qc7 28. Kh1 Nxf4 29. Nxf4 Bxf4 30. Qf2 Bg3 31. Qf3 Be5 32. Bc5 g6 33. Re1 Bf6 34. Qf2 Qb7 35. Qf3 Rd8 36. Bf1 Be8 37. Rd1 Qa6 38. Qf4 Qa2 39. Re1 Bc3 40. Rc1 Bd2 41. Qf2 Bxc1 42. Qxa2 Bg5 43. Qb3 Bd7 44. Qf3 Re8 45. Bf2 Bf6 46. Qf4 Re4 47. Qd2 Kg7 48. d6 Re6 49. Qd5 Be5 50. Bd4 f6 51. Bxe5 Rxe5 52. Qb7 Re2 53. Qxd7+ 1-0


[Site "https://www.chess.com"]

[Event "Titled Tuesday Blitz September 20 Late 2022"]
[White "Mihajlov, Sebastian"]
[Black "Salem, A.R. Saleh"]
[WhiteFideId "1512110"]
[BlackFideId "9301348"]
[WhiteElo "2464"]
[BlackElo "2628"]
[Result "0-1"]
[Round "01"]
[TimeControl "180+1"]
[Date "2022.09.20"]
[WhiteClock "0:00:00"]
[BlackClock "0:01:27"]

1. e4 c5 2. Nf3 d6 3. d4 cxd4 4. Nxd4 Nf6 5. Nc3 a6 6. Bc4 e6 7. Bb3 b5 8. Be3 Be7 9. Qf3 Qc7 10. g4 b4 11. Nce2 O-O 12. g5 Nfd7 13. Qg3 a5 14. c3 Nc5 15. Bc2 Bb7 16. f3 Nbd7 17. h4 Ne5 18. O-O Nc4 19. Bc1 Ba6 20. b3 Na3 21. Bxa3 bxa3 22. c4 Qb6 23. Kh2 g6 24. f4 Bb7 25. Qg2 e5 26. Nb5 f5 27. gxf6 Rxf6 28. f5 Kh8 29. Nec3 gxf5 30. Nd5 Bxd5 31. exd5 Rg8 32. Qe2 Rh6 33. h5 Rg5 34. Rxf5 Rhxh5+ 35. Qxh5 Rxh5+ 36. Rxh5 Nd3 37. Rf1 Qe3 38. Kh1 Qe4+ 39. Kg1 Qg4+ 0-1


[Site "https://www.chess.com"]

[Event "Titled Tuesday Blitz September 20 Late 2022"]
[White "Minko, Dmitry"]
[Black "Kollars, Dmitrij"]
[WhiteFideId "24188468"]
[BlackFideId "12909572"]
[WhiteElo "1950"]
[BlackElo "2584"]
[Result "1/2-1/2"]
[Round "01"]
[TimeControl "180+1"]
[Date "2022.09.20"]
[WhiteClock "0:01:09"]
[BlackClock "0:01:05"]

1. e4 c6 2. d4 d5 3. exd5 cxd5 4. Bd3 Nf6 5. c3 Bg4 6. Qb3 Qc8 7. Bf4 Nc6 8. Nd2 e6 9. Ngf3 Be7 10. O-O O-O 11. h3 Bh5 12. Ng5 Bg6 13. Bxg6 hxg6 14. Ndf3 Na5 15. Qc2 Nc4 16. Rae1 Nd6 17. h4 b5 18. a3 a5 19. Ne5 Nfe4 20. f3 Nxg5 21. Bxg5 Bf6 22. Bxf6 gxf6 23. Nxg6 fxg6 24. Qxg6+ Kh8 25. Qh6+ Kg8 26. Qg6+ Kh8 27. Qh6+ Kg8 28. Qg6+ 1/2-1/2


[Site "https://www.chess.com"]

[Event "Titled Tuesday Blitz September 20 Late 2022"]
[White "Muradli, Mahammad"]
[Black "Ezat, Mohamed"]
[WhiteFideId "13409301"]
[BlackFideId "10600906"]
[WhiteElo "2611"]
[BlackElo "2386"]
[Result "1-0"]
[Round "01"]
[TimeControl "180+1"]
[Date "2022.09.20"]
[WhiteClock "0:00:35"]
[BlackClock "0:00:13"]

1. Nf3 Nf6 2. b3 g6 3. Bb2 Bg7 4. g3 O-O 5. Bg2 d6 6. d4 e5 7. dxe5 Nfd7 8. c4 Nc6 9. Nc3 Ndxe5 10. O-O a5 11. Qd2 a4 12. Rad1 axb3 13. axb3 Nxf3+ 14. exf3 Re8 15. Nd5 Ra2 16. Nc3 Ra8 17. Rde1 Nd4 18. Nd5 Ra2 19. Nc3 Nxb3 20. Qc2 Nd4 21. Qb1 Ra8 22. Rxe8+ Qxe8 23. Nd5 Bf5 24. Qd1 Ne2+ 25. Kh1 Rc8 26. Bxg7 Kxg7 27. Re1 Qe5 28. Rxe2 1-0


[Site "https://www.chess.com"]

[Event "Titled Tuesday Blitz September 20 Late 2022"]
[White "Nakamura, Hikaru"]
[Black "Adewumi, Tanitoluwa"]
[WhiteFideId "2016192"]
[BlackFideId "30966396"]
[WhiteElo "3246"]
[BlackElo "2545"]
[Result "1-0"]
[Round "01"]
[TimeControl "180+1"]
[Date "2022.09.20"]
[WhiteClock "0:02:14"]
[BlackClock "0:00:18"]

1. g3 g6 2. Bg2 Bg7 3. d3 d5 4. Nd2 c6 5. e4 Nf6 6. Ngf3 O-O 7. O-O Bg4 8. e5 Nfd7 9. d4 f6 10. exf6 Bxf6 11. h3 Bxf3 12. Nxf3 e5 13. c3 Na6 14. Re1 e4 15. Nh2 Bg5 16. Qb3 Bxc1 17. Raxc1 Rb8 18. Bxe4 Ndc5 19. dxc5 Nxc5 20. Bxd5+ cxd5 21. Qd1 Ne4 22. Rc2 Qa5 23. b4 Qb5 24. c4 Qxb4 25. Qxd5+ Kg7 26. Qxe4 Rbe8 27. Qd4+ Kg8 28. Rxe8 Rxe8 29. Ng4 h5 30. Nf6+ 1-0


[Site "https://www.chess.com"]